 Dungeon Crawl Stone Soup version 0.29-a0-371-g91724d5b39 (webtiles) character file.

Game seed: 8432563094021788775

20 NinjaNoafa the Bolt Thrower (level 3, 22/22 HPs)
             Began as a Kobold Hunter on May 2, 2022.
             Quit the game on level 1 of the Dungeon.
             The game lasted 00:00:55 (570 turns).

NinjaNoafa the Bolt Thrower (Kobold Hunter)          Turns: 570, Time: 00:00:56

Health: 22/22      AC:  3    Str: 10    XL:     3   Next: 0%
Magic:  3/3        EV: 15    Int: 10    God:
Gold:   44         SH:  0    Dex: 18    Spells: 2/2 levels left

rFire   . . .      SeeInvis .   a - +1 hand crossbow
rCold   . . .      Faith    .   (no shield)
rNeg    . . .      Spirit   .   b - +0 leather armour
rPois   .          Reflect  .   (no helmet)
rElec   .          Harm     .   (no cloak)
rCorr   .          Rampage  .   (no gloves)
Will    .....                   (no boots)
Stlth   +++.......              (no amulet)
HPRegen 0.07/turn               (no ring)
MPRegen 0.08/turn               (no ring)

@: no status effects
A: small, no large weapons, nightstalker 3
a: no special abilities


You were on level 1 of the Dungeon.
You visited 1 branch of the dungeon, and saw 1 of its levels.

You collected 44 gold pieces.

Inventory:

Hand Weapons
 a - a +1 hand crossbow (weapon)
Armour
 b - a +0 leather armour (worn)
Scrolls
 c - a scroll of immolation
 d - a scroll of fog {unknown}
 e - a scroll of enchant weapon {unknown}
 f - a scroll of identify {unknown}
Potions
 g - a potion of magic {unknown}
 h - a potion of invisibility {unknown}


   Skills:
 + Level 2.6 Fighting
 + Level 5.5 Crossbows
 + Level 2.8 Dodging
 + Level 2.2 Stealth


You had 2 spell levels left.
You didn't know any spells.
Your spell library was empty.

Dungeon Overview and Level Annotations

Branches:
Dungeon (1/15)

Altars:


Innate Abilities, Weirdness & Mutations

You are small and have problems with some larger weapons.
You are completely attuned to the shadows.


Message History

An endoplasm comes into view.
You shoot a bolt. The bolt hits the endoplasm!
You kill the endoplasm!
No target in view!
You open the door.
There is an open door here.
A hobgoblin comes into view.
Found a lumpy cyan potion.
A hobgoblin is nearby!
You shoot a bolt. The bolt hits the hobgoblin.
The hobgoblin shouts!
The hobgoblin is severely wounded.
You shoot a bolt. The bolt hits the hobgoblin.
The hobgoblin is almost dead.
A hobgoblin is nearby!
You shoot a bolt. The bolt hits the hobgoblin!
You kill the hobgoblin!
No target in view!
h - a lumpy cyan potion An endoplasm comes into view.
You shoot a bolt. The bolt hits the endoplasm.
The endoplasm is almost dead.
An endoplasm is nearby!
An endoplasm is nearby!
You shoot a bolt. The bolt hits the endoplasm!
You kill the endoplasm!
No target in view!
Found a whip.
A ball python comes into view.
A ball python is nearby!
You shoot a bolt. The bolt hits the ball python.
The ball python hisses angrily.
The ball python is moderately wounded.
You shoot a bolt. The bolt hits the ball python.
You kill the ball python!
You have reached level 3!
Your experience leads to an increase in your attributes!
Increase (S)trength, (I)ntelligence, or (D)exterity?
You feel stronger. x2
Are you sure you want to abandon this character and quit the game? (Confirm with "yes".)

#..#.....#...#.#.
#.##.######..#.#.
#..8.....8...#...
...#.....#.......
.......#..<..#..#....
#......#.....#.......
#)†....8.....8...#...
#...$.######.##......
#...@..#. ..##.##..#
########## #........
.....###.#
#........######.####
######.....
#........+....#.#
#.........#
#........###....#
#.........#
##........###....#
#....(.....
.................#
#........#.
...............#.#
######'###.
...####+##.......#
#######..####


There were no monsters in sight!

Vanquished Creatures
  A bat (D:1)
  3 endoplasms (D:1)
  7 hobgoblins (D:1)
  2 kobolds (D:1)
  A ball python (D:1)
  2 rats (D:1)
16 creatures vanquished.

Notes
Turn   | Place    | Note
-------+----------+-------------------------------------------
     0 | D:1      | NinjaNoafa the Kobold Hunter began the quest for the Orb.
     0 | D:1      | Reached XP level 1. HP: 12/12 MP: 1/1
   200 | D:1      | Reached XP level 2. HP: 18/18 MP: 2/2
   570 | D:1      | Reached XP level 3. HP: 22/22 MP: 3/3
   570 | D:1      | Quit the game

Illustrated notes

Levels and vault maps discovered:
D:1:      scummos_arrival_simple_crosswalls, layout_basic, minmay_heptomino_w4

Skill      XL: |  1  2 |
---------------+-------+-----
Stealth        | 2 |  2.2
Fighting       | |  2.6
Crossbows      | |  5.5
Dodging        | |  2.8

Action                   || total
-------------------------++-------
 Fire: Hand crossbow     ||    33
Dodge: Dodged            ||     5

Table legend: (Time is in decaauts)
 A = Elapsed time spent in this place.
 B = Non-inter-level travel time spent in this place.
 C = Inter-level travel time spent in this place.
 D = Time resting spent in this place.
 E = Time spent auto-exploring this place.
 F = Levels seen in this place.
 G = Mean time per level.
                   A        B        C        D        E       F      G
               +--------+--------+--------+--------+--------+-----+--------+
         Total |    578 |    578 |      0 |      0 |    500 |   1 |  578.0 |
       Dungeon |    578 |    578 |      0 |      0 |    500 |   1 |  578.0 |
               +--------+--------+--------+--------+--------+-----+--------+

Top non-repeatable levels by time:
     D:1: 578 daAuts
